 Dungeon Crawl Stone Soup version 0.30-a0-585-g93115170b9 (webtiles) character file.

Game seed: 5171655192497191585

1712696 HoaS the Conqueror (level 27, 199/199 HPs)
             Began as a Tengu Hunter on Dec 31, 2022.
             Was an Elder of Zin.
             Escaped with the Orb
             ... and 3 runes on Jan 1, 2023!
             The game lasted 03:39:06 (68535 turns).

HoaS the Conqueror (Tengu Hunter)                  Turns: 68535, Time: 03:39:07

Health: 199/199    AC: 27    Str: 16    XL:     27
Magic:  35/35      EV: 49    Int: 14    God:    Zin [****..]
Gold:   2192       SH:  0    Dex: 32    Spells: 26/26 levels left

rFire   + + .      SeeInvis +    C - +9 triple crossbow (flame)
rCold   . . .      Faith    .    (shield currently unavailable)
rNeg    . . .      Spirit   .    t - quicksilver dragon scales
rPois   +          Reflect  .    G - +2 hat {Will+}
rElec   +          Harm     .    H - +3 cloak "Axuyluh" {+Blink rPois rCorr Dex+2}
rCorr   +          Rampage  .    j - +1 pair of gloves of Akhoh {+Blink rElec Slay+3}
Will    ++++.                    (boots unavailable)
Stlth   +                        y - amulet of regeneration
HPRegen 1.33/turn                R - ring "Nirije Ohoi" {Wiz rElec rF+ Str+2 Int+3}
MPRegen 0.24/turn                M - ring of Uwkiph {rF+ Str+4 SInv}

@: flying quickly and evasively, hasted, studying Long Blades, very quick
A: beak, talons 3, nimble flight, see invisible, weak 1
0: Orb of Zot
}: 3/15 runes: serpentine, barnacled, silver
a: Renounce Religion, Evoke Blink, Recite, Vitalisation, Imprison, Donate Gold


You escaped.
You worshipped Zin.
Zin was greatly pleased with you.
You visited 11 branches of the dungeon, and saw 51 of its levels.
You also visited: Trove and Desolation.

You collected 10504 gold pieces.
You spent 3518 gold pieces at shops.
You donated 4794 gold pieces to Zin.

Inventory:

Hand Weapons
 C - a +9 triple crossbow of flaming (weapon)
Armour
 j - the +1 pair of gloves of Akhoh (worn) {+Blink rElec Slay+3}
   (Okawaru gifted it to you on level 4 of the Depths)

   Slay:      It affects your accuracy & damage with ranged weapons and melee
   (+3).
   rElec:     It insulates you from electricity.
   +Blink:    It lets you blink.
 s - the +4 dragonskin cloak
   (You took it off Tiamat on level 2 of the Realm of Zot)

   It grants the wearer a chance to resist fire, cold, poison, electricity,
   acid, and negative energy.
 t - quicksilver dragon scales (worn)
 G - a +2 hat of willpower (worn)
 H - the +3 cloak "Axuyluh" (worn) {+Blink rPois rCorr Dex+2}
   (Okawaru gifted it to you on level 3 of the Vaults)

   Dex:       It affects your dexterity (+2).
   rPois:     It protects you from poison.
   +Blink:    It lets you blink.
   rCorr:     It protects you from acid and corrosion.
Jewellery
 a - a ring of willpower
 c - a ring of ice
 d - a +6 ring of dexterity
 k - a ring of poison resistance
 l - a ring of protection from fire
 m - a ring of see invisible
 y - an amulet of regeneration (around neck)
 K - the ring of Kiwnon {Ice rElec}
   (You found it on level 13 of the Dungeon)

   [ring of ice]

   It enhances your ice magic.
   rF:        It makes you vulnerable to fire.
   rC:        It protects you from cold.
   rElec:     It insulates you from electricity.
 L - a +4 ring of protection
 M - the ring of Uwkiph (right hand) {rF+ Str+4 SInv}
   (You found it on level 3 of the Elven Halls)

   [ring of see invisible]

   Str:       It affects your strength (+4).
   rF:        It protects you from fire.
   SInv:      It lets you see invisible.
 Q - a ring of willpower
 R - the ring "Nirije Ohoi" (left hand) {Wiz rElec rF+ Str+2 Int+3}
   (You found it in the Desolation of Salt)

   [ring of wizardry]

   It improves your spell success rate.
   Str:       It affects your strength (+2).
   Int:       It affects your intelligence (+3).
   rF:        It protects you from fire.
   rElec:     It insulates you from electricity.
Wands
 o - a wand of digging (14)
Scrolls
 b - 17 scrolls of immolation
 f - 6 scrolls of silence
 q - 2 scrolls of enchant weapon
 x - 3 scrolls of fog
 z - 6 scrolls of poison
 B - 13 scrolls of teleportation
 F - 9 scrolls of magic mapping
 I - 6 scrolls of blinking
 N - 6 scrolls of fear
 O - 13 scrolls of enchant armour
Potions
 g - 10 potions of attraction
 h - 15 potions of mutation
 i - 32 potions of curing
 n - 5 potions of invisibility
 p - 5 potions of haste
 r - 6 potions of berserk rage
 v - 5 potions of resistance
 A - 8 potions of ambrosia
 P - 4 potions of cancellation


   Skills:
 O Level 27 Fighting
 O Level 27 Ranged Weapons
 + Level 21.4 Armour
 O Level 27 Dodging
 - Level 3.3 Stealth
 - Level 15.0 Invocations


You had 26 spell levels left.
You didn't know any spells.
Your spell library contained the following spells:

 Spells                   Type           Power      Damage    Failure   Level
 Apportation              Tloc           0%         N/A       16%         1
 Beastly Appendage        Tmut           0%         N/A       16%         1
 Foxfire                  Conj/Fire      0%         2x1d4     16%         1
 Freeze                   Ice            0%         1d3       16%         1
 Kiss of Death            Conj/Necr      0%         2d5       16%         1
 Magic Dart               Conj           0%         1d3       16%         1
 Necrotise                Necr           0%         1d4       16%         1
 Sandblast                Erth           0%         2d4       16%         1
 Shock                    Conj/Air       0%         1d3       16%         1
 Slow                     Hex            0%         N/A       16%         1
 Sting                    Tmut/Pois      0%         1d3       16%         1
 Summon Small Mammal      Summ           0%         N/A       16%         1
 Blink                    Tloc           0%         N/A       24%         2
 Call Imp                 Summ           0%         N/A       24%         2
 Cigotuvi's Dreadful Rot  Necr/Pois/Air  0%         N/A       24%         2
 Ensorcelled Hibernation  Hex/Ice        0%         N/A       24%         2
 Passwall                 Tmut/Erth      0%         N/A       24%         2
 Poisonous Vapours        Pois/Air       0%         N/A       24%         2
 Searing Ray              Conj           0%         2d4       24%         2
 Static Discharge         Conj/Air       0%         2-2/arc   24%         2
 Sublimation of Blood     Necr           0%         N/A       24%         2
 Wereblood                Tmut           0%         N/A       24%         2
 Call Canine Familiar     Summ           0%         N/A       43%         3
 Confusing Touch          Hex            0%         N/A       43%         3
 Dazzling Flash           Conj/Hex       0%         N/A       43%         3
 Frozen Ramparts          Ice            0%         1d1       43%         3
 Gell's Gravitas          Tloc           0%         N/A       43%         3
 Hailstorm                Conj/Ice       0%         3d3       43%         3
 Ignite Poison            Fire/Tmut/Pois 0%         N/A       43%         3
 Inner Flame              Hex/Fire       0%         N/A       43%         3
 Kindle Blastsparks       Fire/Tloc/Air  0%         2d10      43%         3
 Lesser Beckoning         Tloc           0%         N/A       43%         3
 Mephitic Cloud           Conj/Pois/Air  0%         N/A       43%         3
 Ozocubu's Armour         Ice            0%         N/A       43%         3
 Portal Projectile        Hex/Tloc       0%         N/A       43%         3
 Spider Form              Tmut/Pois      0%         N/A       43%         3
 Stone Arrow              Conj/Erth      0%         3d7       43%         3
 Teleport Other           Tloc           0%         N/A       43%         3
 Vampiric Draining        Necr           0%         2d6       43%         3
 Vhi's Electric Charge    Tloc/Air       0%         N/A       43%         3
 Anguish                  Hex/Necr       0%         N/A       82%         4
 Animate Armour           Summ/Erth      0%         N/A       82%         4
 Animate Dead             Necr           0%         N/A       82%         4
 Cause Fear               Hex            0%         N/A       82%         4
 Dispel Undead            Necr           0%         3d6       82%         4
 Fulminant Prism          Conj/Hex       0%         3d5       82%         4
 Ice Form                 Ice/Tmut       0%         N/A       82%         4
 Iskenderun's Mystic Bla  Conj/Tloc      0%         2d3       82%         4
 Leda's Liquefaction      Hex/Erth       0%         N/A       82%         4
 Manifold Assault         Tloc           0%         N/A       82%         4
 Olgreb's Toxic Radiance  Pois           0%         N/A       82%         4
 Sticky Flame             Conj/Fire      0%         2d3       82%         4
 Summon Ice Beast         Ice/Summ       0%         N/A       82%         4
 Alistair's Intoxication  Tmut/Pois      0%         N/A       98%         5
 Arcjolt                  Conj/Air       0%         1d10      98%         5
 Borgnjor's Vile Clutch   Necr/Erth      0%         N/A       98%         5
 Fireball                 Conj/Fire      0%         3d3       98%         5
 Freezing Cloud           Conj/Ice/Air   0%         6-21      98%         5
 Irradiate                Conj/Tmut      0%         3d11      98%         5
 Iskenderun's Battlesphe  Conj           0%         2d6       98%         5
 Lightning Bolt           Conj/Air       0%         1d11      98%         5
 Summon Forest            Summ/Tloc      0%         N/A       98%         5
 Summon Mana Viper        Hex/Summ       0%         N/A       98%         5
 Yara's Violent Unravell  Hex/Tmut       0%         3d3       98%         5
 Conjure Ball Lightning   Conj/Air       0%         3x3d7     100%        6
 Death Channel            Necr           0%         N/A       100%        6
 Dispersal                Tloc           0%         N/A       100%        6
 Eringya's Noxious Bog    Tmut/Pois      0%         N/A       100%        6
 Simulacrum               Ice/Necr       0%         N/A       100%        6
 Starburst                Conj/Fire      0%         6d3       100%        6
 Statue Form              Tmut/Erth      0%         N/A       100%        6
 Summon Cactus Giant      Summ           0%         N/A       100%        6
 Dragon Form              Tmut           0%         N/A       100%        7
 Enfeeble                 Hex            0%         N/A       100%        7
 Haunt                    Necr/Summ      0%         N/A       100%        7
 Malign Gateway           Summ/Tloc      0%         N/A       100%        7
 Orb of Destruction       Conj           0%         9d5       100%        7
 Ozocubu's Refrigeration  Ice            0%         4d7       100%        7
 Storm Form               Tmut/Air       0%         N/A       100%        7
 Borgnjor's Revivificati  Necr           0%         N/A       100%        8
 Ignition                 Fire           0%         3d3       100%        8
 Lehudib's Crystal Spear  Conj/Erth      0%         10d2      100%        8
 Maxwell's Capacitive Co  Air            0%         ∞         100%        8
 Necromutation            Tmut/Necr      0%         N/A       100%        8
 Death's Door             Necr           0%         N/A       100%        9
 Dragon's Call            Summ           0%         N/A       100%        9
 Polar Vortex             Ice            0%         N/A       100%        9
 Shatter                  Erth           0%         3d5*      100%        9


Dungeon Overview and Level Annotations

Branches:
Dungeon (15/15)            Temple (1/1) D:6            Lair (5/5) D:8
 Shoals (4/4) Lair:3        Snake (4/4) Lair:3        Slime (0/5) Lair:5
    Orc (2/2) D:10            Elf (3/3) Orc:2        Vaults (5/5) D:13
  Crypt (3/3) Vaults:2       Tomb (0/3) Crypt:3      Depths (4/4) D:15
    Zot (5/5) Depths:4    Desolation (visited)

Altars:
Ashenzari
Cheibriados
Dithmenos
Elyvilon
Fedhas
Gozag
Hepliaklqana
Kikubaaqudgha
Makhleb
Nemelex Xobeh
Okawaru
Qazlal
Ru
Sif Muna
Trog
Uskayaw
Vehumet
Wu Jian
Xom
Yredelemnul
Zin
The Shining One
Lugonu

Shops:
D:7 (   D:12 :   D:13 !   D:14 !   Orc:2 (?!*   Snake:3 [*[!*   Snake:4 (
Depths:1 :   Depths:4 :=:

Portals:
Hell: Depths:1 Depths:2 Depths:3 Depths:4
Abyss: Depths:2 Depths:3
Pandemonium: Depths:2 Depths:3
Ziggurat: Depths:1


Innate Abilities, Weirdness & Mutations

You have a beak for a mouth.
You have claws for feet.
Your magical nature lets you fly swiftly and evasively.
You have supernaturally acute eyesight. (SInv)
You are weak. (Str -2)


Message History

You can no longer call upon Zin to create a sanctuary.
You see here a +0 short sword.
(D) Dungeon (T) Temple (L) Lair (A) Shoals (P) Snake Pit (M) Slime Pits (O) Orcish Mines (E) Elven Halls (V) Vaults (C) Crypt (W) Tomb (U) Depths (H) Hell (Z) Zot
Where to? (Enter - D:1, ? - help) HP restored.
There is a stone staircase leading up here.
You fly upwards.
There is a stone staircase leading down, spattered with blood here.
There is a stone staircase leading up here.
You fly upwards.
There is a stone staircase leading down here.
There is a stone staircase leading up here.
You fly upwards.
There is a stone staircase leading down here.
An Orb Guardian comes into view.
You shoot a bolt. The bolt hits the Orb Guardian!!!
The bolt burns the Orb Guardian.
The Orb Guardian is severely wounded.
You shoot a bolt. The bolt hits the Orb Guardian!!!
The bolt burns the Orb Guardian.
You kill the Orb Guardian!
No target in view!
No target in view!
(D) Dungeon (T) Temple (L) Lair (A) Shoals (P) Snake Pit (M) Slime Pits (O) Orcish Mines (E) Elven Halls (V) Vaults (C) Crypt (W) Tomb (U) Depths (H) Hell (Z) Zot
Where to? (Enter - D:1, ? - help)
There is a stone staircase leading up here.
You fly upwards.
There is a stone staircase leading down here.
You feel yourself speed up.
You see here a +0 club.
There is an open door here.
There is a staircase leading out of the dungeon here.
You can't go down here!
You have escaped!

.......###
##)# ########
#####'#####
#.........#
##.........##
#8.........8#
#...8...8...#
#8.........8#
##.........##
####8@8####
#####


There were no monsters in sight!

Vanquished Creatures
  Tiamat (Zot:2)
  4 dread liches
  Khufu (Crypt:1)
  4 orbs of fire (Zot:5)
  4 ancient liches
  Mennas (Crypt:2)
  Sojobo (Crypt:2)
  3 royal mummies (Crypt:1)
  4 Killer Klowns
  Parghit (Zot:1)
  Bai Suzhen (Vaults:3)
  4 curse toes
  Saint Roka (Vaults:1)
  Vashnia (Snake:3)
  A caustic shrike (Depths:2)
  9 golden dragons
  The ghost of Yseim the Conqueror, an adept MiBe of Trog (Depths:1)
  Jory (Crypt:3)
  Nikola (Vaults:1)
  3 electric golems (Zot:5)
  13 tentacled monstrosities
  Zenata (Crypt:3)
  27 Orb Guardians
  5 liches
  A walking earthen tome (Depths:2)
  10 deep elf master archers
  A walking frostbound tome (Depths:3)
  22 titans
  5 quicksilver dragons
  8 deep elf blademasters
  Gastronok (Orc:1)
  3 ancient champions
  A kraken (Shoals:1)
  4 sphinxes
  15 shadow dragons
  5 death cobs
  Kirke (Lair:4)
  The ghost of Golieps the Fencer, an adept DgGl (Elf:2)
  Donald (Vaults:2)
  8 tengu reavers
  6 revenants
  20 storm dragons
  7 draconian monks
  The ghost of Bynyse the Eclecticist, an adept DECj of Vehumet (Shoals:3)
  5 draconian knights
  Ilsuiw (Shoals:4)
  A daeva (Depths:1)
  7 nagarajas (Snake:4)
  2 imperial myrmidons (Desolation)
  Aizul (Shoals:1)
  17 frost giants
  7 ghost moths
  The ghost of Athor the Peltast, a journeyman FoFi of Okawaru (Snake:2)
  8 deep elf sorcerers
  An iron dragon (Elf:1)
  8 draconian stormcallers
  18 fire giants
  3 deep elf elementalists (Elf:3)
  24 vault wardens
  5 draconian scorchers
  2 spectral caustic shrikes (Crypt:3)
  20 ironbound preservers
  7 draconian shifters
  3 ghouls (Crypt:3)
  3 orc warlords
  26 very ugly things
  11 draconian annihilators
  6 spriggan defenders
  5 war gargoyles
  12 green draconians
  2 reapers
  27 stone giants
  6 ironbound thunderhulks (Vaults:3)
  13 vampire knights
  Nessos (Lair:4)
  8 deep elf demonologists
  15 dire elephants (Vaults:2)
  8 deep elf annihilators
  4 halazid warlocks (Desolation)
  12 red draconians
  The ghost of Caekett the Spear-Bearer, a journeyman GnRe of Gozag (D:13)
  6 black draconians
  10 white draconians
  5 spark wasps
  9 purple draconians
  12 yellow draconians
  9 eidola
  3 merfolk javelineers
  11 merfolk impalers
  A spectral quicksilver dragon (Crypt:3)
  4 ragged hierophants (Desolation)
  16 yaktaur captains
  2 crystal guardians
  9 deep elf death magi
  2 mummy priests (Crypt:1)
  10 fire dragons
  10 ettins
  16 jiangshi
  7 great orbs of eyes
  Josephine (Lair:4)
  2 entropy weavers
  7 deep elf high priests
  Fannar (D:10)
  3 spectral spriggans
  35 vault guards
  9 servants of whispers (Desolation)
  A spectral fenstrider witch (Crypt:1)
  10 peacekeepers
  2 catoblepae
  2 ogre magi
  A quicksilver dragon skeleton (Depths:2)
  6 spriggan air magi
  Harold (D:10)
  3 hydras
  2 salamander tyrants (Snake:4)
  6 ice dragons
  2 juggernaut simulacra
  5 merfolk avatars
  3 rakshasas
  A death knight (Crypt:1)
  11 merfolk aquamancers
  18 centaur warriors
  12 naga warriors
  10 ironbound frosthearts
  3 alligator snapping turtles
  8 boulder beetles
  38 dancing weapons
  9 two-headed ogres
  A spectral human (Crypt:1)
  17 vampire magi
  4 anacondas
  A satyr (Shoals:2)
  2 death yaks
  6 orc high priests (Orc:2)
  8 shock serpents
  16 naga sharpshooters
  4 deep troll shamans
  2 soul eaters
  5 spectral storm dragons (Crypt:3)
  4 tengu warriors
  9 deep troll earth magi
  4 spriggan berserkers
  2 titan zombies
  A spectral naga (Crypt:1)
  Sonja (D:10)
  A shock serpent (shapeshifter) (Vaults:4)
  15 hell knights
  23 deep elf knights
  A spectral catoblepas (Crypt:1)
  A spectral bunyip (Crypt:3)
  An iron troll (Depths:3)
  6 shadow wraiths
  A golden dragon zombie (Depths:2)
  5 spriggans
  20 sea snakes
  A spectral anaconda (Crypt:1)
  4 salamander mystics
  26 skeletal warriors
  52 deep trolls
  10 flayed ghosts
  2 spectral hydras (Crypt:3)
  2 bog bodies (Crypt:3)
  A spectral iron dragon (Crypt:3)
  6 naga ritualists
  A sea snake (shapeshifter) (Depths:3)
  18 lindwurms
  A tengu zombie (Depths:2)
  7 necromancers
  3 obsidian statues
  16 harpies
  27 deep elf archers
  An anaconda skeleton (Crypt:2)
  25 ironbound convokers
  6 mana vipers
  17 wizards
  17 orc knights
  33 deep elf pyromancers
  A steelbarb worm (shapeshifter) (Vaults:5)
  35 deep elf zephyrmancers
  12 phantasmal warriors
  An iron dragon zombie (Crypt:1)
  A wolf spider (shapeshifter) (Vaults:4)
  9 salamanders
  9 cyclopes
  3 orc sorcerers
  4 spectral ettins
  A cyclops (shapeshifter) (Vaults:3)
  17 manticores
  4 spectral centaurs
  42 ugly things
  12 elephants
  11 fauns
  8 guardian serpents
  13 merfolk sirens
  A spectral alligator snapping turtle (Crypt:1)
  25 moths of wrath
  2 fire giant skeletons
  29 black mambas
  24 vault sentinels
  An elephant (shapeshifter) (D:15)
  A titan simulacrum (Crypt:3)
  A toenail golem (Zot:5)
  14 naga magi
  2 water nymphs
  A torpor snail (shapeshifter) (Depths:4)
  2 gargoyles
  7 cane toads
  A purple draconian zombie (Crypt:2)
  4 molten gargoyles
  A demonic crawler (D:10)
  A kobold demonologist (D:14)
  13 komodo dragons
  A yellow draconian zombie (Crypt:2)
  A rime drake (shapeshifter) (Depths:2)
  A komodo dragon (shapeshifter) (Vaults:2)
  3 rime drakes
  2 efreet
  35 yaktaurs
  A swamp worm zombie (Crypt:1)
  18 freezing wraiths
  A golden dragon simulacrum (Vaults:4)
  An ice devil (D:9)
  An anaconda simulacrum (Crypt:3)
  13 guardian mummies
  A grey draconian skeleton (Crypt:3)
  3 spectral harpies (Crypt:3)
  4 tengu conjurers
  5 wind drakes
  A purple draconian skeleton (Crypt:2)
  5 hornets
  A meliai (D:10)
  A tarantella (shapeshifter) (Depths:3)
  A wind drake (shapeshifter) (Vaults:5)
  6 trolls
  23 merfolk
  2 spectral swamp dragons (Crypt:1)
  17 blink frogs
  49 saltlings (Desolation)
  A satyr zombie (Crypt:3)
  7 snapping turtles
  4 dream sheep (Shoals:2)
  Sigmund (D:5)
  A jumping spider (Vaults:2)
  44 slime creatures
  9 wyverns
  3 flying skulls (Crypt:1)
  2 centaur simulacra (Crypt:3)
  A spectral black mamba (Crypt:1)
  7 vampires
  6 shadows
  A black mamba zombie (Crypt:1)
  10 wraiths
  3 air elementals
  3 fire elementals
  41 yaks
  13 water elementals
  2 redbacks (Vaults:2)
  A hog (Lair:4)
  10 humans
  6 basilisks
  A steam dragon (Lair:1)
  A death yak simulacrum (Lair:4)
  A vampire mosquito (D:13)
  51 nagas
  10 wargs
  Menkaure (D:5)
  An acid dragon (D:11)
  A faun zombie (Crypt:1)
  5 hell hounds (Lair:5)
  12 water moccasins
  A water nymph zombie (Crypt:1)
  43 orc warriors
  2 ice beasts
  3 sky beasts
  A black bear (D:5)
  A black bear (shapeshifter) (D:12)
  A swamp dragon zombie (Crypt:3)
  12 ogres
  An ogre (shapeshifter) (D:14)
  The ghost of Chingon the Trooper, an amateur DsMo (D:5)
  A dream sheep zombie (Crypt:3)
  6 boggarts
  14 wolves
  8 centaurs
  A phantom (D:6)
  The ghost of mrw0lf the Sneak, an amateur GnEn of Hepliaklqana (D:3)
  5 kobold brigands (D:10)
  A human zombie (Vaults:4)
  An elf zombie (Crypt:2)
  A draconian zombie (Crypt:3)
  13 bullfrogs
  5 scorpions
  A cane toad simulacrum (Lair:4)
  3 gnoll sergeants (D:10)
  4 earth elementals
  A water moccasin zombie (D:5)
  5 wights (D:7)
  A polar bear zombie (Crypt:3)
  A wyvern skeleton (D:5)
  11 killer bees
  5 howler monkeys
  5 lava snakes (Lair:5)
  3 centaur zombies
  5 hounds
  A basilisk zombie (Crypt:2)
  4 jellies
  33 orc priests
  A black bear skeleton (Crypt:1)
  A bullfrog skeleton (D:5)
  A centaur skeleton (D:5)
  A gnoll bouda (D:7)
  3 iguanas
  17 orc wizards
  7 hell rats (Lair:1)
  2 polar bear simulacra (Lair:4)
  A killer bee zombie (D:6)
  8 mummies
  9 gnolls
  6 adders
  13 river rats
  2 ufetubi
  An iguana skeleton (Crypt:1)
  2 worms
  107 orcs
  10 ball pythons
  5 bats
  A bat zombie (Crypt:3)
  10 endoplasms
  9 giant cockroaches
  15 goblins
  4 hobgoblins
  6 jackals
  11 quokkas
  A ball python zombie (Crypt:3)
  A dart slug zombie (Crypt:1)
  6 frilled lizards
  A frilled lizard skeleton (Crypt:2)
  A goblin skeleton (Crypt:1)
  A hobgoblin skeleton (Crypt:2)
  A hobgoblin zombie (Crypt:1)
  13 kobolds
  A kobold zombie (Crypt:2)
  An orc skeleton (Crypt:2)
  22 rats
  A rat zombie (Crypt:1)
  2 tentacles (Shoals:1)
2587 creatures vanquished.

Vanquished Creatures (others)
  A draconian knight (Zot:5)
  An ironbound preserver (Vaults:3)
  A vault guard (D:13)
  2 deep elf knights
  A wizard (Vaults:3)
  A deep elf zephyrmancer (Zot:5)
  A human (D:13)
  2 orc warriors
  An orc wizard (Orc:2)
  An orc (Elf:1)
  24 fungi
  76 plants
  14 tentacles (Shoals:1)
126 creatures vanquished.

Grand Total: 2713 creatures vanquished

Notes
Turn   | Place    | Note
-------+----------+-------------------------------------------
     0 | D:1      | HoaS the Tengu Hunter began the quest for the Orb.
     0 | D:1      | Reached XP level 1. HP: 12/12 MP: 2/2
    32 | D:1      | Reached XP level 2. HP: 16/17 MP: 3/3
    49 | D:1      | Reached skill level 5 in Ranged Weapons
   239 | D:1      | Reached XP level 3. HP: 21/21 MP: 4/4
   738 | D:2      | Identified a scroll of acquirement
   738 | D:2      | Acquired 997 gold pieces
   853 | D:2      | Reached XP level 4. HP: 26/26 MP: 5/5
   979 | D:2      | Acquired a +6 ring of dexterity
  1343 | D:2      | You fall into a shaft and drop 2 floors!
  1407 | D:3      | Found a runed translucent gate.
  1415 | D:3      | Found a runed translucent gate.
  1416 | D:3      | Found a runed translucent gate.
  1416 | D:3      | Noticed mrw0lf's ghost (amateur GnEn)
  1419 | D:3      | Found a faded altar of an unknown god.
  1676 | D:3      | Gained mutation: Your magical nature lets you fly swiftly
                  | and evasively. [Tengu growth]
  1676 | D:3      | Reached XP level 5. HP: 21/30 MP: 6/6
  2303 | D:3      | Killed mrw0lf's ghost
  2431 | D:3      | Reached XP level 6. HP: 22/35 MP: 7/7
  2674 | D:4      | Noticed a water moccasin
  2793 | D:4      | Found a radiant altar of Vehumet.
  2937 | D:5      | Entered Level 5 of the Dungeon
  2941 | D:5      | Noticed Menkaure
  3063 | D:4      | Killed a water moccasin
  3064 | D:4      | Reached XP level 7. HP: 35/40 MP: 8/8
  3172 | D:5      | Noticed Sigmund
  3248 | D:4      | Reached skill level 10 in Ranged Weapons
  3442 | D:5      | Killed Menkaure
  3443 | D:5      | Reached XP level 8. HP: 24/44 MP: 9/9
  3730 | D:5      | Found a transporter.
  3733 | D:5      | Noticed Chingon's ghost (amateur DsMo)
  3734 | D:5      | Found a transporter.
  3817 | D:5      | Killed Sigmund
  4097 | D:5      | Killed Chingon's ghost
  4223 | D:6      | Reached XP level 9. HP: 48/48 MP: 10/10
  4248 | D:6      | Found a basalt altar of Yredelemnul.
  4596 | D:6      | Found a staircase to the Ecumenical Temple.
  4605 | Temple   | Entered the Ecumenical Temple
  4712 | Temple   | Became a worshipper of Warmaster Okawaru
  5158 | D:7      | Reached skill level 1 in Invocations
  5728 | D:7      | Found an ornate altar of the Wu Jian Council.
  5728 | D:7      | Found an ancient bone altar of Kikubaaqudgha.
  5729 | D:7      | Found a shimmering blue altar of Sif Muna.
  5765 | D:7      | Found Ylumaiso's Antique Weapon Emporium.
  5805 | D:7      | Reached * piety under Okawaru
  6290 | D:7      | Reached XP level 10. HP: 53/53 MP: 13/13
  6357 | D:8      | Noticed a death yak
  6388 | D:8      | Noticed a two-headed ogre
  6403 | D:8      | Found a glowing silver altar of Zin.
  6522 | D:8      | Reached skill level 15 in Ranged Weapons
  6529 | D:8      | Killed a two-headed ogre
  6934 | D:9      | Reached ** piety under Okawaru
  7201 | D:9      | Found a hide-covered altar of Uskayaw.
  7547 | D:8      | Noticed a death yak
  7568 | D:8      | Reached *** piety under Okawaru
  7610 | D:8      | Killed a death yak
  7612 | D:8      | Noticed a death yak
  7615 | D:8      | Reached XP level 11. HP: 57/57 MP: 12/14
  7639 | D:8      | Found a staircase to the Lair.
  7671 | D:8      | Noticed a two-headed ogre
  7674 | D:8      | Killed a two-headed ogre
  7948 | Lair:1   | Entered Level 1 of the Lair of Beasts
  7953 | Lair:1   | Identified the ring "Eroeliv" {rC+ Int+3 Dex+6 Slay-4}
  8001 | Lair:1   | Reached **** piety under Okawaru
  8726 | Lair:1   | Reached ***** piety under Okawaru
  8727 | Lair:1   | Reached skill level 5 in Dodging
  8749 | Lair:1   | Reached skill level 5 in Fighting
  9427 | Lair:2   | Reached XP level 12. HP: 64/69 MP: 16/16
  9469 | Lair:2   | Reached skill level 5 in Invocations
  9828 | Lair:2   | Received a gift from Okawaru
 10319 | Lair:2   | Upgraded the game from 0.30-a0-578-gdee14c521f to
                  | 0.30-a0-585-g93115170b9
 10464 | Lair:3   | Found a staircase to the Snake Pit.
 10583 | Lair:3   | Found a staircase to the Shoals.
 10660 | Lair:3   | Found an ornate altar of the Wu Jian Council.
 10663 | Lair:3   | Found a hide-covered altar of Uskayaw.
 10663 | Lair:3   | Noticed a boulder beetle
 10702 | Lair:3   | You are sucked into a shaft and drop 1 floor!
 10762 | Lair:4   | Noticed a catoblepas
 10781 | Lair:4   | Noticed a death yak
 10785 | Lair:4   | Killed a catoblepas
 11187 | Lair:4   | Noticed Nessos
 11235 | Lair:3   | Identified the +0 ring mail of the Earth {Harm}
 11674 | Lair:3   | Killed a boulder beetle
 12006 | Lair:3   | Killed a death yak
 12038 | Lair:4   | Reached XP level 13. HP: 80/80 MP: 18/18
 12090 | Lair:4   | Noticed Kirke
 12106 | Lair:4   | Killed Kirke
 12172 | Lair:4   | Reached skill level 10 in Dodging
 12193 | Lair:4   | Noticed Josephine
 12211 | Lair:5   | Entered Level 5 of the Lair of Beasts
 12401 | Lair:5   | Found a staircase to the Slime Pits.
 12428 | Lair:5   | Received a gift from Okawaru
 12491 | Lair:5   | Reached skill level 10 in Fighting
 12653 | Lair:5   | Reached ****** piety under Okawaru
 13118 | Lair:5   | Received a gift from Okawaru
 13214 | Lair:5   | Noticed a fire dragon
 13252 | Lair:5   | Found a large runed translucent door.
 13252 | Lair:5   | Found a large runed translucent door.
 13391 | Lair:5   | Reached XP level 14. HP: 90/90 MP: 20/20
 13484 | D:10     | Entered Level 10 of the Dungeon
 13509 | D:10     | Found a stormy altar of Qazlal.
 13594 | D:10     | Found a shadowy altar of Dithmenos.
 13695 | D:10     | Noticed Harold
 13702 | D:10     | Killed Harold
 13718 | D:10     | Noticed Fannar
 13748 | D:10     | Killed Fannar
 13800 | D:10     | Noticed Sonja
 13801 | D:10     | Killed Sonja
 13962 | D:10     | Found a transporter.
 13972 | D:10     | Found a transporter.
 13986 | D:10     | Found a bloodstained altar of Trog.
 13986 | D:10     | Found a sparkling altar of Nemelex Xobeh.
 13986 | D:10     | Found an opulent altar of Gozag.
 14261 | D:10     | Found a staircase to the Orcish Mines.
 14268 | D:10     | Received a gift from Okawaru
 15097 | D:12     | Found Cits's Vocational Training.
 15707 | Orc:1    | Entered Level 1 of the Orcish Mines
 15707 | Orc:1    | Noticed Gastronok
 15712 | Orc:1    | Received a gift from Okawaru
 16200 | Lair:4   | Killed Nessos
 16228 | Lair:4   | Killed Josephine
 16771 | Lair:5   | Identified the +9 shortbow of Execution {drain, rC+ Will+
                  | Int+6}
 16961 | Orc:1    | Killed Gastronok
 17245 | Orc:2    | Entered Level 2 of the Orcish Mines
 17341 | Orc:2    | Found a staircase to the Elven Halls.
 17863 | Orc:2    | Found a runed translucent door.
 18788 | Orc:2    | HP: 3/94 [orc knight/+0 battleaxe (25)]
 18882 | Orc:2    | Reached XP level 15. HP: 88/98 MP: 22/22
 19302 | Orc:2    | Found Opismura's Assorted Antiques.
 19302 | Orc:2    | Found Fosojiz's Distillery.
 19303 | Orc:2    | Found Hukh's Magic Scroll Shoppe.
 19303 | Orc:2    | Found Hugeeg's Antique Weapon Emporium.
 19450 | Orc:2    | Bought a scroll of teleportation for 84 gold pieces
 19450 | Orc:2    | Bought a scroll of teleportation for 84 gold pieces
 19450 | Orc:2    | Bought 2 bubbling purple potions for 50 gold pieces
 19450 | Orc:2    | Bought a scroll of teleportation for 84 gold pieces
 19451 | Orc:2    | Bought a scroll of enchant armour for 112 gold pieces
 19451 | Orc:2    | Bought a scroll of teleportation for 45 gold pieces
 19451 | Orc:2    | Bought a scroll of magic mapping for 112 gold pieces
 19451 | Orc:2    | Bought a scroll of teleportation for 45 gold pieces
 19451 | Orc:2    | Bought a scroll of identify for 30 gold pieces
 19451 | Orc:2    | Bought a scroll of teleportation for 45 gold pieces
 19454 | Orc:2    | Bought a potion of curing for 39 gold pieces
 19454 | Orc:2    | Bought a potion of heal wounds for 65 gold pieces
 19454 | Orc:2    | Bought a potion of haste for 130 gold pieces
 19454 | Orc:2    | Bought a potion of invisibility for 104 gold pieces
 19454 | Orc:2    | Bought a potion of might for 52 gold pieces
 19454 | Orc:2    | Bought a potion of might for 52 gold pieces
 19454 | Orc:2    | Bought a potion of curing for 39 gold pieces
 19687 | Orc:2    | Received a gift from Okawaru
 20312 | D:13     | Found a runed translucent gate.
 20312 | D:13     | Noticed Caekett's ghost (journeyman GnRe)
 20313 | D:13     | Found a runed translucent gate.
 20317 | D:13     | Found a runed translucent gate.
 20359 | D:13     | Found Dum Jog's Distillery.
 20396 | D:13     | Bought a potion of curing for 45 gold pieces
 20396 | D:13     | Bought a potion of might for 60 gold pieces
 20396 | D:13     | Bought a potion of might for 60 gold pieces
 20396 | D:13     | Bought a potion of curing for 45 gold pieces
 20492 | D:13     | Identified the +9 shortbow "Favigull" {drain, SInv}
 20498 | D:13     | Identified the ring of Kiwnon {Ice rElec}
 20736 | D:13     | Reached skill level 15 in Dodging
 20784 | D:13     | Identified the +2 ring mail of Neugruti {rF+ Will+ Int-5}
                  | (Okawaru gifted it to you on level 13 of the Dungeon)
 20784 | D:13     | Received a gift from Okawaru
 20811 | D:13     | Found a gate to the Vaults.
 21075 | D:14     | Found Zami's Distillery.
 21083 | D:14     | Bought a potion of heal wounds for 55 gold pieces
 21083 | D:14     | Bought a potion of heal wounds for 55 gold pieces
 21083 | D:14     | Bought a potion of mutation for 88 gold pieces
 21083 | D:14     | Bought a potion of mutation for 88 gold pieces
 21179 | D:13     | Bought a potion of mutation for 120 gold pieces
 21179 | D:13     | Bought a potion of ambrosia for 120 gold pieces
 21953 | D:15     | Entered Level 15 of the Dungeon
 22508 | D:15     | Identified the +0 scale mail of the Moon Troll {rN+ Str+3}
 22602 | D:15     | Got the Lectures on Hexes
 22686 | D:15     | Identified the +9 war axe of Rul Sefeneq {drain, rC+}
 22942 | D:15     | Identified the +8 shortbow "Coubluatz" {freeze, Will+}
                  | (Okawaru gifted it to you on level 15 of the Dungeon)
 22942 | D:15     | Received a gift from Okawaru
 22943 | D:15     | Reached XP level 16. HP: 86/107 MP: 24/24
 22948 | D:15     | Reached skill level 15 in Fighting
 22954 | D:15     | Found a staircase to the Depths.
 23299 | D:13     | Killed Caekett's ghost
 23875 | Shoals:1 | Entered Level 1 of the Shoals
 24037 | Shoals:1 | Identified the +0 buckler "Meovveh" {rN+ Int-3 Slay+3}
                  | (Okawaru gifted it to you on level 1 of the Shoals)
 24037 | Shoals:1 | Received a gift from Okawaru
 24292 | Snake:1  | Entered Level 1 of the Snake Pit
 25200 | Snake:2  | You are sucked into a shaft and drop 1 floor!
 25302 | Snake:3  | Found Ykly's Antique Armour Emporium.
 25308 | Snake:3  | Noticed Vashnia
 25370 | Snake:3  | Received a gift from Okawaru
 25446 | Snake:3  | Killed Vashnia
 25462 | Snake:3  | Found Hituz's Antique Armour Shoppe.
 25462 | Snake:3  | Found Dimoat's General Store.
 25467 | Snake:3  | Bought a pair of smoking gloves for 294 gold pieces
 25467 | Snake:3  | Identified the +1 pair of gloves of Eguaxu {rC+ Stlth+}
                  | (You bought it in a shop on level 3 of the Snake Pit)
 25472 | Snake:3  | Found Gamagh's Distillery.
 25475 | Snake:3  | Bought a potion of invisibility for 136 gold pieces
 25475 | Snake:3  | Bought a potion of curing for 51 gold pieces
 25478 | Snake:3  | Bought a potion of heal wounds for 65 gold pieces
 25478 | Snake:3  | Bought a potion of heal wounds for 65 gold pieces
 25478 | Snake:3  | Bought a potion of might for 52 gold pieces
 25478 | Snake:3  | Bought a potion of invisibility for 104 gold pieces
 25498 | Snake:3  | Reached XP level 17. HP: 117/117 MP: 25/25
 25524 | Snake:3  | Found Feleo's Assorted Antiques.
 25531 | Snake:3  | Bought a scroll of blinking for 195 gold pieces
 26115 | Snake:4  | Entered Level 4 of the Snake Pit
 26192 | Snake:4  | Identified the +7 flail "Ecoussyd" {spect, rF- rC+ Int+2
                  | SInv}
 26196 | Snake:4  | Found Wuihao Umaz's Weapon Shop.
 26615 | Snake:4  | Received a gift from Okawaru
 27076 | Snake:4  | Identified the +9 rapier of the Eternal Warrior {heavy,
                  | rPois rCorr Int-5 Dex+4}
 27349 | Snake:4  | Identified the +3 plate armour "Jesooluc" {Str+5 Slay+2
                  | SInv} (Okawaru gifted it to you on level 4 of the Snake
                  | Pit)
 27349 | Snake:4  | Received a gift from Okawaru
 27506 | Snake:4  | Got a serpentine rune of Zot
 27728 | Snake:2  | Noticed Athor's ghost (journeyman FoFi)
 28009 | Snake:2  | Found a runed translucent door.
 28663 | Snake:2  | Killed Athor's ghost
 28845 | Shoals:1 | Noticed Aizul
 28859 | Shoals:1 | Killed Aizul
 29471 | Shoals:1 | Noticed a kraken
 29532 | Shoals:1 | Killed a kraken
 29599 | Shoals:2 | Reached XP level 18. HP: 125/125 MP: 26/26
 29843 | Shoals:2 | Received a gift from Okawaru
 29994 | Shoals:2 | Identified the ring of the Cicada {Wiz Int+2}
 30673 | Shoals:3 | Found a transporter.
 30841 | Shoals:3 | Found a transporter.
 30847 | Shoals:3 | Noticed Bynyse's ghost (adept DECj)
 31236 | Shoals:4 | Entered Level 4 of the Shoals
 31508 | Shoals:4 | Noticed Ilsuiw
 31661 | Shoals:4 | Identified the +4 scale mail of Trumpets {rElec Str+3 Int+4
                  | Dex+4}
 31983 | Shoals:4 | Killed Ilsuiw
 32236 | Shoals:4 | Got a barnacled rune of Zot
 33156 | Vaults:1 | Entered Level 1 of the Vaults
 33168 | D:13     | Reached XP level 19. HP: 120/132 MP: 27/27
 33175 | Vaults:1 | Identified the +8 dagger of Dishonesty {chaos, *Slow rF+
                  | Dex+3 SInv} (Okawaru gifted it to you on level 1 of the
                  | Vaults)
 33175 | Vaults:1 | Received a gift from Okawaru
 33190 | Vaults:1 | Noticed Nikola
 33225 | Vaults:1 | Killed Nikola
 34100 | Vaults:1 | Received a gift from Okawaru
 34287 | Vaults:1 | Noticed Saint Roka
 34319 | Vaults:1 | Killed Saint Roka
 34725 | Vaults:2 | Found a crumbling gateway.
 34730 | Desolati | Entered the Desolation of Salt
 34963 | Desolati | Identified the amulet of Gyn Hoc {Spirit rPois}
 35145 | Desolati | Got the Tome of Metamorphosis and Amathomancy
 35401 | Desolati | Identified the +6 chain mail "Citul" {Harm rC+} (Okawaru
                  | gifted it to you in the Desolation of Salt)
 35401 | Desolati | Received a gift from Okawaru
 35407 | Desolati | Reached XP level 20. HP: 140/141 MP: 28/28
 35422 | Desolati | Identified the ring "Ataitra" {Ice *Slow Int+3}
 35591 | Desolati | Found the +16 obsidian axe {drain, Mesm Drain Fly SInv}
 35762 | Desolati | Identified the +7 short sword "Firuon" {flame, *Slow rN+
                  | Will+}
 35769 | Desolati | Identified the ring "Nirije Ohoi" {Wiz rElec rF+ Str+2
                  | Int+3}
 35887 | Desolati | Got the Anthology of Roasted Permutations
 37301 | Vaults:2 | Received a gift from Okawaru
 37499 | Vaults:2 | Found a staircase to the Crypt.
 37605 | Vaults:3 | Noticed Donald
 37629 | Vaults:2 | Killed Donald
 37909 | Vaults:3 | Reached XP level 21. HP: 149/150 MP: 29/29
 38005 | Vaults:3 | Noticed Bai Suzhen
 38043 | Vaults:3 | Killed Bai Suzhen
 38555 | Vaults:3 | Received a gift from Okawaru
 38985 | Vaults:3 | Identified the +3 cloak "Axuyluh" {+Blink rPois rCorr
                  | Dex+2} (Okawaru gifted it to you on level 3 of the Vaults)
 38985 | Vaults:3 | Received a gift from Okawaru
 39541 | Vaults:4 | Identified the +6 trident "Lentoh" {distort, rF+}
 39952 | Vaults:3 | Received a gift from Okawaru
 40019 | Vaults:3 | Reached XP level 22. HP: 152/156 MP: 30/30
 40433 | Vaults:4 | Got the Atlas of Foggy Filth
 40660 | Vaults:4 | Identified the +6 shortbow "Xilis" {flame, rCorr Str+3}
 41465 | Elf:1    | Entered Level 1 of the Elven Halls
 42823 | Elf:1    | Received a gift from Okawaru
 42823 | Elf:1    | Found the +7 Kryia's mail coat {PotionHeal*2 rC+}
 42823 | Elf:1    | Identified the +1 scale mail of the Planets {Int+4}
 42860 | Elf:1    | Found a runed translucent gate.
 42860 | Elf:1    | Found a runed translucent gate.
 42860 | Elf:1    | Found a runed translucent gate.
 42860 | Elf:1    | Found a runed translucent gate.
 42860 | Elf:1    | Found a runed translucent gate.
 42862 | Elf:1    | Found a runed translucent gate.
 43240 | Elf:2    | Found a runed translucent gate.
 43240 | Elf:2    | Found a runed translucent gate.
 43241 | Elf:2    | Found a runed translucent gate.
 43333 | Elf:2    | Found a runed translucent gate.
 43333 | Elf:2    | Found a runed translucent gate.
 43333 | Elf:2    | Found a runed translucent gate.
 43333 | Elf:2    | Found an opulent altar of Gozag.
 43333 | Elf:2    | Noticed Golieps's ghost (adept DgGl)
 44210 | Elf:2    | Killed Golieps's ghost
 44814 | Elf:1    | Reached XP level 23. HP: 146/164 MP: 31/31
 45167 | Shoals:3 | Received a gift from Okawaru
 45173 | Shoals:3 | Killed Bynyse's ghost
 45194 | Shoals:3 | Identified the ring "Doheping" {Fly rN+ Str+6 Slay-5}
 45209 | Shoals:3 | Identified the +9 hand axe of Past Mistakes {flame, rC+
                  | rCorr Int-5 Dex+8}
 45541 | Depths:1 | Entered Level 1 of the Depths
 45571 | Depths:1 | Found Xivib's Magic Scroll Emporium.
 45744 | Depths:1 | Found a shimmering altar of Xom.
 45868 | Depths:1 | Found a gateway to Hell.
 45900 | Depths:1 | Found a magical portal.
 45976 | Depths:1 | Found a portal to a secret trove of treasure.
 45980 | Depths:1 | You paid a toll of 16 scrolls of teleportation to enter a
                  | treasure trove
 45981 | Trove    | Entered a treasure trove
 45999 | Trove    | Identified the amulet of Jitono {RegenMP -Tele rElec Will+
                  | Str+3}
 46025 | Trove    | Got Sif Muna's Spellwork for Ex-Berserkers
 46027 | Trove    | Got Sif Muna's Folio of Sinister Execration
 46082 | Depths:1 | Found a one-way gateway to a ziggurat.
 46119 | Depths:1 | Noticed Yseim's ghost (adept MiBe)
 46121 | Depths:1 | Noticed a dread lich
 46159 | Depths:1 | Found a runed translucent door.
 46203 | Depths:1 | Found a runed translucent door.
 46218 | Depths:1 | Found Uxunayv's Book Boutique.
 46543 | Depths:1 | Killed Yseim's ghost
 46573 | Depths:1 | Killed a dread lich
 46788 | Depths:2 | Noticed a golden dragon
 46840 | Depths:2 | Killed a golden dragon
 46882 | Depths:2 | Found an opulent altar of Gozag.
 46996 | Depths:2 | Received a gift from Okawaru
 47129 | Depths:2 | Identified the +4 whip of Yredelemnul's Whim {freeze, rN+}
 47240 | Depths:2 | Found a sacrificial altar of Ru.
 47308 | Depths:2 | Identified the +9 great mace "Bynnuf" {freeze, rElec Will+
                  | Int-5 Dex+6}
 47386 | Depths:2 | Found a one-way gate to the infinite horrors of the Abyss.
 47546 | Depths:2 | Found a one-way gate leading to the halls of Pandemonium.
 47627 | Depths:3 | Found an iron altar of Okawaru.
 47840 | Depths:3 | Identified the +1 ring mail of Mirth {rN++ MP-9 Slay+5}
 47857 | Depths:3 | HP: 3/167 [spriggan air mage/the air (27)]
 48471 | Depths:3 | Reached XP level 24. HP: 164/174 MP: 31/31
 48559 | Depths:3 | Found a corrupted altar of Lugonu.
 48594 | Depths:3 | Paralysed by a floating eye for 4 turns
 48633 | Depths:3 | Noticed a caustic shrike
 48672 | Depths:2 | Killed a caustic shrike
 48685 | Depths:3 | Identified the +5 longbow of Agony {flame, rN++ Int-4}
                  | (Okawaru gifted it to you on level 3 of the Depths)
 48685 | Depths:3 | Received a gift from Okawaru
 49184 | Depths:4 | Entered Level 4 of the Depths
 49930 | Depths:4 | Found a gate to the Realm of Zot.
 49968 | Depths:4 | Noticed an ancient lich
 49974 | Depths:4 | Received a gift from Okawaru
 49985 | Depths:4 | Killed an ancient lich
 50002 | Depths:4 | Identified the +1 pair of gloves of Akhoh {+Blink rElec
                  | Slay+3} (Okawaru gifted it to you on level 4 of the Depths)
 50002 | Depths:4 | Received a gift from Okawaru
 50035 | Depths:4 | Got the Verses on Malevolent Liturgies
 50415 | Depths:4 | Found Secix's Book Emporium.
 50415 | Depths:4 | Found Wuciq's Jewellery Shop.
 50416 | Depths:4 | Found Tofiwioz's Book Emporium.
 50432 | Depths:4 | Bought a +5 ring of evasion for 648 gold pieces
 50724 | Crypt:1  | Entered Level 1 of the Crypt
 51004 | Crypt:1  | Noticed Khufu
 51005 | Crypt:1  | Noticed a royal mummy
 51015 | Crypt:1  | Noticed a royal mummy
 51021 | Crypt:1  | Killed a royal mummy
 51033 | Crypt:1  | Killed a royal mummy
 51034 | Crypt:1  | Killed Khufu
 51776 | Crypt:1  | Noticed a royal mummy
 51801 | Crypt:1  | Killed a royal mummy
 51802 | Crypt:1  | Reached XP level 25. HP: 66/179 MP: 16/31
 51887 | Crypt:1  | Found the +10 zealot's sword {holy, *Rage rN+ EV+3}
 52075 | Crypt:2  | Identified the +7 shortbow of Discord {antimagic, Will++
                  | Int+5} (Okawaru gifted it to you on level 2 of the Crypt)
 52075 | Crypt:2  | Received a gift from Okawaru
 52180 | Crypt:2  | Noticed Mennas
 52194 | Crypt:2  | Killed Mennas
 52422 | Crypt:2  | Noticed Sojobo
 52652 | Crypt:2  | Killed Sojobo
 53053 | Crypt:3  | Entered Level 3 of the Crypt
 53063 | Crypt:3  | Identified the +1 chain mail "Roqiq" {rPois Str-4 Dex+5}
 53068 | Crypt:3  | Noticed Jory
 53071 | Crypt:3  | Killed Jory
 53555 | Crypt:3  | Noticed Zenata
 53559 | Crypt:3  | Killed Zenata
 53576 | Crypt:3  | Received a gift from Okawaru
 53664 | Crypt:3  | Found a staircase to the Tomb.
 53969 | Crypt:3  | Identified the +5 dire flail of Wysadam {elec, rC++ Str-3
                  | Dex+2 Stlth+}
 54033 | Crypt:3  | Found the +4 robe of Folly {Brilliance Will-∞ Int+8}
 54056 | Crypt:3  | Identified the +1 ring mail of Jiugebro {rC+ Will+ rCorr
                  | Dex+3}
 54060 | Crypt:3  | Got the Elucidation of Hyperborean Apparitions
 54165 | Crypt:3  | Received a gift from Okawaru
 54240 | Crypt:3  | Identified the +7 flail of Foiceim {flame, Str+2}
 54345 | Crypt:3  | Identified the +6 hand axe of Ambiguity {heavy, Will+
                  | Str+3}
 54367 | Crypt:3  | Reached skill level 27 in Fighting
 54890 | Elf:3    | Entered Level 3 of the Elven Halls
 55148 | Elf:3    | Identified the ring "Alyunues" {rPois EV+5}
 55790 | Elf:3    | Reached skill level 27 in Ranged Weapons
 55790 | Elf:3    | Reached skill level 27 in Dodging
 55790 | Elf:3    | Reached XP level 26. HP: 128/193 MP: 31/31
 55875 | Elf:3    | Identified the ring "Wom Qawk" {rF+ rC- Str+6 Int+6 Dex-5}
 55914 | Elf:3    | Identified the +3 mace of Epiuheon {freeze, rElec rF+ Will+
                  | Dex+4}
 55914 | Elf:3    | Identified the +2 robe of Burning Amelioration {Rampage
                  | Regen+ Int-3}
 55914 | Elf:3    | Identified the ring of Democracy {rPois EV+5 Stlth+}
 56066 | Elf:3    | Identified the +1 ring mail of the Cicada {rC+ rN+}
 56070 | Elf:3    | Identified the ring "Buckeomp" {Wiz Dex+3 Stlth+}
 56075 | Elf:3    | Got the Textbook on Hazy Configuration
 56083 | Elf:3    | Identified the ring "Cegidit" {rElec rCorr Str+3 Slay+2}
 56085 | Elf:3    | Identified the ring "Appeg" {Contam Will+ Str+6 Stlth+}
 56088 | Elf:3    | Identified the ring of Uwkiph {rF+ Str+4 SInv}
 56658 | Vaults:5 | Entered Level 5 of the Vaults
 56661 | Vaults:5 | Reached skill level 1 in Armour
 56735 | Vaults:4 | Reached skill level 5 in Armour
 56820 | Vaults:4 | Received a gift from Okawaru
 57684 | Vaults:4 | Reached skill level 10 in Armour
 57687 | Vaults:5 | Noticed a dread lich
 57719 | Vaults:4 | Paralysed by something for 5 turns
 57727 | Vaults:4 | Paralysed by something for 3 turns
 57735 | Vaults:4 | Killed a dread lich
 57910 | Vaults:5 | Identified the +9 hand axe of Moral Flaws {flame, rF++ rN+
                  | Int+2 Dex-2}
 58496 | Vaults:5 | Identified the +5 war axe "Ibi Nomm" {spect, rN++}
 58869 | Vaults:5 | Got a silver rune of Zot
 59076 | Vaults:5 | Identified the +1 executioner's axe of Destiny {antimagic,
                  | Str+3 Stlth+}
 59089 | Vaults:5 | Received a gift from Okawaru
 59599 | Vaults:5 | Got the Disquisition on Portals
 59965 | D:8      | Fell from the grace of Okawaru
 59965 | D:8      | Became a worshipper of Zin the Law-Giver
 59965 | D:8      | Reached * piety under Zin
 59965 | D:8      | Reached ** piety under Zin
 59966 | D:8      | Donated 3091 gold pieces to Zin
 59985 | D:8      | Reached *** piety under Zin
 60114 | D:10     | Reached **** piety under Zin
 60258 | Depths:1 | Reached ***** piety under Zin
 60315 | Zot:1    | Entered Level 1 of the Realm of Zot
 60316 | Zot:1    | Donated 1546 gold pieces to Zin
 60338 | Zot:1    | Noticed Parghit
 60460 | Zot:1    | Reached skill level 10 in Invocations
 60485 | Zot:1    | Reached ****** piety under Zin
 60832 | Zot:1    | Killed Parghit
 60833 | Zot:1    | Reached XP level 27. HP: 164/199 MP: 29/32
 61579 | Zot:2    | Found the +4 dragonskin cloak
 61579 | Zot:2    | Noticed Tiamat
 61618 | Zot:2    | Killed Tiamat
 62326 | Zot:2    | Reached skill level 15 in Armour
 62940 | Zot:2    | Identified the +7 plate armour "Peipt" {rPois Dex+4}
 65441 | Zot:5    | Entered Level 5 of the Realm of Zot
 65962 | Zot:5    | Reached skill level 15 in Invocations
 66073 | Zot:5    | Noticed an orb of fire
 66084 | Zot:5    | Killed an orb of fire
 66379 | Zot:5    | HP: 4/199 [titan[the fury of Okawaru] (38)]
 66385 | Zot:5    | HP: 3/199 [deep elf zephyrmancer/bolt of lightning[the fury
                  | of Okawaru] (8)]
 67080 | Zot:5    | Noticed an orb of fire
 67080 | Zot:5    | Noticed an orb of fire
 67089 | Zot:5    | Noticed an orb of fire
 67143 | Zot:5    | Was forgiven by Okawaru
 67341 | Zot:5    | Killed an orb of fire
 67450 | Zot:5    | Noticed a dread lich
 67458 | Zot:5    | Killed a dread lich
 67465 | Zot:5    | Killed an orb of fire
 67487 | Zot:5    | Noticed an ancient lich
 67507 | Zot:5    | Killed an ancient lich
 67531 | Zot:5    | Noticed an orb of fire
 67534 | Zot:5    | Noticed a dread lich
 67540 | Zot:5    | Noticed an ancient lich
 67671 | Zot:5    | Killed an ancient lich
 67689 | Zot:5    | Killed a dread lich
 67696 | Zot:5    | Gained mutation: You are weak. (Str -2) [an orb of fire]
 67698 | Zot:5    | Killed an orb of fire
 67766 | Zot:5    | Gained mutation: You have supernaturally acute eyesight.
                  | (SInv) [mutagenic glow]
 67971 | Zot:5    | Got the Orb of Zot
 68000 | Zot:5    | Noticed an ancient lich
 68008 | Zot:5    | Killed an ancient lich
 68312 | D:11     | Noticed Wayguublu the pandemonium lord
 68535 | D:$      | Escaped with the Orb!

Illustrated notes

Levels and vault maps discovered:
D:1:      mrwooster_arrival_statue_3, layout_basic, minmay_distorted
D:2:      layout_basic
D:3:      layout_loops_ring, gammafunk_ghost_split,
          hellmonk_ecumenical_altar_run_dry, supply_closet_lemuel
D:4:      layout_gridville, vehumet_crystals, chequers_serial_rivers_room_b
D:5:      layout_rooms, gammafunk_ghost_mausoleum, kennysheep_generic_room_5,
          uniq_menkaure, uniq_sigmund
D:6:      layout_basic, lemuel_zombie_altar_yredelemnul,
          minmay_temple_entry_ruins, lemuel_flame_loot_1
D:7:      layout_gridville, gammafunk_temple_overflow_forgotten, serial_shops,
          nicolae_inconvenience_store
D:8:      layout_gridville, mainiacjoe_overflow_cross_hatched,
          dpeg_lair_monsters
D:9:      layout_irregular_city, lemuel_round_altar
D:10:     layout_roguey, mainiacjoe_overflow_boulevard,
          gammafunk_temple_overflow_arena, grunt_qazlal_clouds,
          kennysheep_orc_monster_closet_entryway, grunt_decor_resistance,
          uniq_sonja, uniq_harold, uniq_fannar
D:11:     layout_roguey [special_room_orc]
D:12:     layout_loops_ring, nicolae_shop_vocational
D:13:     layout_roguey, ximxim_vaults_locker_room, serial_shops,
          kennysheep_little_box, gammafunk_ghost_split
D:14:     layout_basic, serial_shops, shop
D:15:     gammafunk_enter_depths_forms, layout_cross, dreamdust_princess_bridge,
          hangedman_abyss_or_decor_clamps, minmay_diamond_spiral
Temple:   hellmonk_temple_beads
Lair:1:   lemuel_ratsnest, layout_long_grid, minivault_19
Lair:2:   layout_concentric_octagons
Lair:3:   layout_loops_ring, minmay_shoals_entry_lonely_mermaid,
          guppyfry_snake_entry_garden, nzn_masters_of_martial_movement,
          grunt_megastairs_3
Lair:4:   layout_layer_cave, portal_ice_cave_entry_ice_simulacra,
          nicolae_lair_yak_garden, uniq_josephine, uniq_kirke, uniq_nessos
Lair:5:   cheibrodos_lair_end_hotspot, layout_concentric_octagons,
          nicolae_slime_entry_slimehenge
Shoals:1: layout_shoals, uniq_aizul
Shoals:2: layout_shoals
Shoals:3: layout_shoals, gammafunk_ghost_berserking_beasts
Shoals:4: shoals_end_grunt_ice, layout_shoals, shoals_ilsuiw_ice,
          nicolae_shoals_isolated_beach
Snake:1:  layout_onion_interference, st_stairs_7
Snake:2:  layout_rooms, hellmonk_ghost_happy_afterlife,
          nicolae_large_snake_swirl, lemuel_fruit_tree
Snake:3:  layout_basic, serial_shops, shop, minmay_shoptagon, uniq_vashnia
Snake:4:  minmay_snake_end_coiled, layout_cave_shapes, serial_shops,
          nicolae_shop_behind_doors
Orc:1:    layout_caves, uniq_gastronok
Orc:2:    st_orc_pillars, layout_caves, lightli_church_of_beogh
Elf:1:    minmay_elf_arrival_circle, layout_geoelf_diagonals, orc_legates
Elf:2:    nicolae_elf_blades_splatter_lattice [nicolae_blade_lattice],
          layout_geoelf_diagonals, ebering_ghost_gozag
Elf:3:    elf_hall, layout_geoelf_castle
Vaults:1: hangedman_vaults_cutoff, nicolae_vaults_little_squares_2,
          ontoclasm_vaults_hangar, nicolae_vaults_inception_scallops,
          vaults_room_fours, vaults_dpeg_diagonal, v_alt_pattern_5,
          v_alt_pattern_1, nicolae_vaults_specimen_jars, vaults_room_large_hall,
          layout_vaults_big_cross, uniq_saint_roka, uniq_nikola
Vaults:2: portal_desolation_entry_ruin, nicolae_vaults_what_the_h, v_misc_5,
          grunt_vaults_hallway_short, v_pattern_4, nicolae_vaults_shelves_hall,
          hangedman_vaults_variations, nicolae_vaults_border_crossing,
          minmay_crypt_entry_simple_round, v_misc_30,
          vaults_dpeg_emergency_exit, nicolae_vaults_theta,
          layout_vaults_omnigrid
Vaults:3: vaults_room_hallway, vaults_mumra_minichess_inversion, v_rooms_3,
          hangedman_vaults_river_flow, v_misc_28, v_misc_11, v_misc_17,
          dpeg_vaults_pockets_of_resistance, v_misc_3,
          nicolae_vaults_circle_grid_b, layout_vaults_big_room, uniq_bai_suzhen,
          uniq_donald
Vaults:4: st_cells, nicolae_vaults_network_star, hangedman_vaults_hat,
          v_rooms_6, hangedman_vaults_restitches, nicolae_vaults_angled_halls,
          hangedman_vaults_corner_blocks, grunt_vaults_focal,
          hangedman_vaults_cutoff, nicolae_vaults_network_quinsquares
          [nicolae_vaults_network_quincunx_subvault,
          nicolae_vaults_network_quincunx_subvault,
          nicolae_vaults_network_quincunx_subvault,
          nicolae_vaults_network_quincunx_subvault], ontoclasm_vaults_twist,
          ontoclasm_vaults_ring_small, nicolae_vaults_diagonal_hallway_9,
          nicolae_vaults_ring_of_whatevers, layout_vaults_maze_bifur
Vaults:5
Crypt:1:  lemuel_minitomb, layout_chaotic_city, uniq_khufu
Crypt:2:  layout_gridlike, uniq_sojobo, uniq_mennas
Crypt:3:  due_elkab, layout_chaotic_city, nicolae_tomb_entry_grand_gallery,
          grunt_ministairs_11, st_vampire_maze, uniq_jory, uniq_josephina,
          uniq_zenata
Depths:1: layout_twisted_cross, enter_ziggurat_c, muffindrake_ghost_dual_entry,
          mu_enter_wizlab_5, pf_hell_entry_great_geh, enter_trove_3,
          serial_shops, shop_fountains, drop_trap, tgw_xom, minmay_shop_star
Depths:2: minmay_strange_plus, layout_honeycomb, rand_demon_pan_entry_9,
          nicolae_ru_the_path_less_chosen, abyss_entry_glasseish, hell_entry,
          nicolae_gozag_cash_rules_everything_around_me
Depths:3: minmay_the_grid_4x2 [minmay_the_grid_slots, minmay_the_grid_box_x,
          minmay_the_grid_pillar_ring, minmay_the_grid_square_x,
          minmay_the_grid_plusring, minmay_the_grid_aliased_spiral,
          minmay_the_grid_broken_lines, minmay_the_grid_prize_big_room],
          layout_honeycomb, abyss_entry_flame_altar, hell_entry, pan_entry,
          roderic_serpentine_path, okawaru_trees_1
Depths:4: evilmike_zot_entry_diamond, layout_gridlike, pf_coc_iceberg,
          special_room [special_room_morgue], bh_walls_and_bars,
          grunt_megastairs_2, minmay_shop_grove
Zot:1:    layout_basic, uniq_parghit
Zot:2:    layout_misc_corridors, skrybe_zot_glass_1, uniq_tiamat
Zot:3:    layout_gridville, lemuel_baited_zot_trap, nicolae_lava_and_water,
          hangedman_zot_diagonal_lockstep
Zot:4:    hellmonk_paralyzer, layout_concentric_octagons
Zot:5:    layout_gridlike, grunt_ministairs_1, st_stairs_5,
          hangedman_zot_decor_unnerving_road, hangedman_zot_decor_tridents

Skill      XL: |  1  2  3  4  5  6  7  8  9 10 11 12 13 14 15 16 17 18 19 20 21 22 23 24 25 26 27 |
---------------+----------------------------------------------------------------------------------+-----
Ranged Weapons | 5 6 7 9 10 12 14 17 18 20 22 25 26 27 | 27.0
Invocations    | 3 4 6 7 9 10 15 | 15.0
Dodging        | 6 9 12 14 16 18 19 20 22 23 24 26 27 | 27.0
Fighting       | 5 8 11 13 14 17 18 20 22 23 24 26 27 | 27.0
Stealth        | 3 |  3.3
Armour         | 14 21 | 21.4

Action                   |  1- 3 |  4- 6 |  7- 9 | 10-12 | 13-15 | 16-18 | 19-21 | 22-24 | 25-27 || total
-------------------------+-------+-------+-------+-------+-------+-------+-------+-------+-------++-------
Melee: Unarmed           |       |       |       |       |    11 |       |       |       |       ||    11
       Arbalest          |       |       |       |       |     2 |       |       |       |       ||     2
       Kick              |       |       |       |       |     2 |       |       |       |       ||     2
       Peck              |       |       |       |       |     1 |       |       |       |       ||     1
 Fire: Shortbow          |    88 |   163 |    36 |       |       |       |       |       |       ||   287
       Arbalest          |       |       |   166 |   452 |  1275 |   792 |       |       |       ||  2685
       Longbow           |       |       |       |       |       |   671 |  2049 |   206 |       ||  2926
       Triple crossbow   |       |       |       |       |       |       |       |  1167 |  1973 ||  3140
Invok: Heroism           |       |       |       |     3 |     6 |     7 |     4 |     4 |     4 ||    28
       Finesse           |       |       |       |       |     6 |     6 |     3 |     4 |     3 ||    22
       Donate Gold       |       |       |       |       |       |       |       |       |     2 ||     2
       Vitalisation      |       |       |       |       |       |       |       |       |     9 ||     9
       Recite            |       |       |       |       |       |       |       |       |     5 ||     5
       Sanctuary         |       |       |       |       |       |       |       |       |     4 ||     4
Evoke: Wand              |       |       |       |       |       |       |       |     1 |       ||     1
  Use: Scroll            |     3 |     7 |     9 |     6 |    15 |     6 |     4 |     2 |    12 ||    64
       Potion            |       |     2 |     1 |       |     5 |       |     4 |       |    19 ||    31
Armor: Leather armour    |     5 |    15 |    18 |    15 |       |       |       |       |       ||    53
       Ring mail         |       |       |       |       |    26 |       |       |       |       ||    26
       Troll leather arm |       |       |       |       |    40 |    89 |   126 |    78 |    98 ||   431
       Quicksilver drago |       |       |       |       |       |       |       |       |   147 ||   147
Dodge: Dodged            |    18 |    71 |    90 |   118 |   819 |   984 |  1785 |  1146 |  2555 ||  7586
Block: Other             |       |       |       |    24 |       |       |       |       |       ||    24

Table legend: (Time is in decaauts)
 A = Elapsed time spent in this place.
 B = Non-inter-level travel time spent in this place.
 C = Inter-level travel time spent in this place.
 D = Time resting spent in this place.
 E = Time spent auto-exploring this place.
 F = Levels seen in this place.
 G = Mean time per level.
                   A        B        C        D        E       F      G
               +--------+--------+--------+--------+--------+-----+--------+
         Total |  63603 |  57277 |   6326 |  12971 |  29743 |  53 | 1200.1 |
       Dungeon |  15793 |  12660 |   3133 |   2171 |   7495 |  15 | 1052.9 |
        Temple |    114 |     97 |     17 |      0 |     78 |   1 |  114.0 |
          Lair |   5920 |   5394 |    526 |    681 |   3431 |   5 | 1184.0 |
        Shoals |   4095 |   3804 |    291 |    697 |   2147 |   4 | 1023.8 |
     Snake Pit |   4291 |   4099 |    192 |   1528 |   1648 |   4 | 1072.8 |
  Orcish Mines |   3751 |   3343 |    408 |   1621 |   1066 |   2 | 1875.5 |
   Elven Halls |   3733 |   3368 |    365 |    630 |   1845 |   3 | 1244.3 |
        Vaults |   8999 |   8361 |    638 |   1969 |   3925 |   5 | 1799.8 |
         Crypt |   3651 |   3451 |    200 |    459 |   1979 |   3 | 1217.0 |
        Depths |   4741 |   4423 |    318 |    639 |   2728 |   4 | 1185.2 |
           Zot |   7314 |   7081 |    233 |   2284 |   2882 |   5 | 1462.8 |
         Trove |     83 |     83 |      0 |      0 |     69 |   1 |   83.0 |
    Desolation |   1115 |   1115 |      0 |    289 |    444 |   1 | 1115.0 |
               +--------+--------+--------+--------+--------+-----+--------+

Top non-repeatable levels by time:
   Orc:2: 3037 daAuts
Vaults:4: 2497 daAuts
   Zot:5: 2048 daAuts
Vaults:2: 1885 daAuts
    D:13: 1754 daAuts
Vaults:5: 1732 daAuts
   Zot:4: 1721 daAuts
    D:10: 1699 daAuts
Vaults:3: 1555 daAuts
 Snake:4: 1477 daAuts
 Crypt:3: 1451 daAuts
Depths:3: 1375 daAuts
  Lair:5: 1340 daAuts
Vaults:1: 1327 daAuts
   Zot:1: 1319 daAuts
